 Dungeon Crawl Stone Soup version 0.22.1-2-g9c5b331 (webtiles) character file.

11986 danilin1 the Fighter (level 11, -2/80 HPs)
             Began as a Minotaur Berserker on Nov 12, 2018.
             Was a High Priest of Trog.
             Slain by a sun demon (6 damage)
             ... on level 3 of the Abyss.
             The game lasted 00:41:18 (9328 turns).

danilin1 the Fighter (Minotaur Berserker)           Turns: 9328, Time: 00:41:19

Health: -2/80      AC: 27    Str: 24    XL:     11   Next: 56%
Magic:  10/10      EV:  2    Int:  4    God:    Trog [*****.]
Gold:   748        SH:  0    Dex:  7    Spells: 10/10 levels left

rFire    . . .     SeeInvis +   y - +1 war axe (flame)
rCold    . . .     Gourm    .   (no shield)
rNeg     + + +     Faith    .   J - +4 plate armour
rPois    ∞         Spirit   .   f - +1 hat {MR+}
rElec    .         Reflect  +   D - +1 cloak
rCorr    .         Harm     .   v - +2 pair of gloves
MR       +....     Rnd*Tele +   P - +0 pair of boots
Stlth    ..........             L - +3 amulet of reflection
HPRegen  0.23/turn              j - ring of stealth
MPRegen  0.12/turn              R - ring of see invisible

@: petrified
A: retaliatory headbutt, horns 2, [blurry vision 2], [clumsy 2], [frail 2],
[screaming 2], [teleportitis 2]
a: Berserk, Trog's Hand, Brothers in Arms, Renounce Religion


You were on level 3 of the Abyss.
You worshipped Trog.
Trog was extremely pleased with you.
You were hungry.

You visited 2 branches of the dungeon, and saw 12 of its levels.
You visited the Abyss 1 time.
You also visited: Bailey.

You collected 748 gold pieces.

Inventory:

Hand Weapons
 y - a +1 war axe of flaming (weapon)
 C - a +0 morningstar
 V - a +3 longbow of flaming
 X - a +4 antimagic executioner's axe
Missiles
 W - 39 arrows
Armour
 f - a +1 hat of magic resistance (worn)
 o - a +0 large shield
 v - a +2 pair of gloves (worn)
 D - a +1 cloak (worn)
 J - a +4 plate armour (worn)
 P - a +0 pair of boots (worn)
Magical Staves
 K - an uncursed staff of earth
Jewellery
 j - a ring of stealth (left hand)
 L - a +3 amulet of reflection (around neck)
 R - a ring of see invisible (right hand)
Wands
 b - a wand of enslavement (27)
 p - a wand of iceblast (4)
 w - a wand of flame (82)
 x - a wand of paralysis (28)
 z - a wand of acid (22)
 A - a wand of polymorph (21)
 I - a wand of digging (16)
Scrolls
 e - 2 scrolls of noise
 g - 5 scrolls of identify
 m - 9 scrolls of teleportation
 n - 2 scrolls of blinking
 u - 4 scrolls of enchant weapon
 G - 2 scrolls of remove curse
 H - a scroll of torment {unknown}
 N - a scroll of enchant armour {unknown}
 S - a scroll of acquirement {unknown}
 Z - a scroll of fog {unknown}
Potions
 a - a potion of haste {unknown}
 h - 4 potions of curing
 i - 2 potions of cancellation {unknown}
 k - 3 potions of brilliance {unknown}
 l - 2 potions of flight {unknown}
 q - 3 potions of degeneration {unknown}
 r - 5 potions of might {unknown}
 s - a potion of experience {unknown}
 t - a potion of mutation {unknown}
 B - a potion of heal wounds {unknown}
 E - a potion of agility {unknown}
 F - a potion of lignification {unknown}
 Q - a potion of magic {unknown}
 T - a potion of invisibility {unknown}
Comestibles
 c - 21 rations


   Skills:
 + Level 10.7 Fighting
 + Level 10.6 Axes
 + Level 10.3 Armour
 + Level 9.5 Dodging
 + Level 9.4 Shields


You had 10 spell levels left.
You didn't know any spells.
Your spell library was empty.

Dungeon Overview and Level Annotations

Branches:
Dungeon (11/15)            Temple (1/1) D:7             Orc (0/2) D:10
   Lair: D:8-11

Altars:
Ashenzari
Cheibriados
Dithmenos
Elyvilon
Fedhas
Gozag
Hepliaklqana
Kikubaaqudgha
Makhleb
Nemelex Xobeh
Okawaru
Qazlal
Ru
Sif Muna
Trog
Uskayaw
Vehumet
Wu Jian
Xom
Yredelemnul
Zin
The Shining One

Shops:
D:4 }   D:5 (

Annotations:
D:9 Harold
D:11 Sonja


Innate Abilities, Weirdness & Mutations

You reflexively headbutt those who attack you in melee.
You have a pair of horns on your head.
[Scrolls take you longer to read.]
[You are very clumsy. (Dex -4)]
[You are very frail. (-20% HP)]
[You sometimes yell uncontrollably at your foes.]
[You are sometimes teleported next to monsters.]


Message History

The sun demon hits you but does no damage.
The white imp hits you but does no damage.
The lich touches you but does no damage.
The sun demon hits you!!
* * * LOW HITPOINT WARNING * * *
You are engulfed in flames!
* * * LOW HITPOINT WARNING * * *
The white imp hits you.
* * * LOW HITPOINT WARNING * * *
The white imp freezes you.
* * * LOW HITPOINT WARNING * * *
The lich touches you but does no damage.
The sun demon hits you but does no damage.
The lich touches you but does no damage.
The white imp hits you but does no damage.
The lich touches you but does no damage.
The sun demon hits you.
* * * LOW HITPOINT WARNING * * *
You are engulfed in flames!
You die...

. ≈ 8. Y §
....≈§≈§ Y Y §≈§≈
.... . ≈≈≈≈
#§...≈≈ ### ##
§§..≈ .≈. .≈≈≈≈ ≈
≈≈≈§ . ..≈. ≈≈§§
≈≈§§..≈ #
.##.#§#.#.
...#... .##
#3#.##.... ... .#
#. L#
#@5#.#.#.#......#
# .#L#.###


#xx.x .# . ##L.h4x.# .##.# #..#. #.........###.# .... ........... #..R## # .
..#........###..#...# . #....#...#x# ... ..# . ##.#.#.##..x. #...... #.#..# .#
.#. ...#.#. You could see a lich, a sun demon, a raiju, a chaos spawn, 3 small
abominations and a white imp.

Vanquished Creatures
  An orc warlord (Bailey)
  A two-headed ogre (D:8)
  Nergalle (D:10)
  2 deep elf magi (D:10)
  Maurice (D:8)
  3 hornets
  2 hippogriffs
  A wyvern (D:10)
  11 yaks
  A wraith (D:10)
  A steam dragon (D:7)
  2 soldier ants
  A swamp drake (D:10)
  A water moccasin (D:8)
  4 orc warriors
  4 sky beasts
  A hornet zombie (D:10)
  An ice beast (D:5)
  4 ogres
  4 phantoms
  3 centaurs
  5 big kobolds
  Blork the orc (D:4)
  5 bullfrogs
  A gnoll sergeant (D:7)
  A scorpion (D:6)
  6 wights
  3 howler monkeys (D:9)
  2 crimson imps
  2 centaur zombies
  3 hounds
  8 orc wizards
  A quasit (D:10)
  A bullfrog skeleton (D:10)
  7 orc priests
  Crazy Yiuf (D:4)
  2 centaur skeletons
  An iron imp (D:10)
  A jelly (D:10)
  Ijyb (D:3)
  Terence (D:3)
  3 iguanas (D:9)
  Natasha (twice) (D:4)
  6 worker ants
  8 ogre zombies (D:10)
  2 hound skeletons
  9 gnolls
  A worker ant zombie (D:9)
  7 adders
  2 shadow imps
  A white imp (D:10)
  An ooze (D:7)
  An adder skeleton (D:4)
  2 worms (D:2)
  4 dart slugs
  5 leopard geckos
  45 orcs
  5 giant cockroaches
  8 goblins
  13 hobgoblins
  14 jackals
  41 kobolds
  3 quokkas
  2 ball pythons
  A ball python skeleton (D:5)
  10 bats
  2 frilled lizards (D:1)
  3 goblin skeletons (D:10)
  3 goblin zombies (D:10)
  A hobgoblin skeleton (D:10)
  A hobgoblin zombie (D:10)
  2 orc skeletons (D:10)
  13 orc zombies (D:10)
  A quokka skeleton (D:10)
  7 rats
332 creatures vanquished.

Notes
Turn   | Place    | Note
-------+----------+-------------------------------------------
     0 | D:1      | danilin1 the Minotaur Berserker began the quest for the
                  | Orb.
     0 | D:1      | Reached XP level 1. HP: 19/19 MP: 0/0
     6 | D:1      | Noticed a black bear
     6 | D:1      | Noticed an anaconda
     6 | D:1      | Noticed a wyvern
    89 | D:1      | Reached XP level 2. HP: 14/27 MP: 1/1
   421 | D:1      | Reached XP level 3. HP: 33/33 MP: 2/2
   496 | D:1      | Reached ** piety under Trog
   734 | D:2      | Reached XP level 4. HP: 36/41 MP: 3/3
  1107 | D:2      | Reached XP level 5. HP: 35/47 MP: 4/4
  1310 | D:2      | Reached *** piety under Trog
  1326 | D:2      | Reached skill level 5 in Fighting
  1373 | D:2      | Found a radiant altar of Vehumet.
  1412 | D:2      | Found a white marble altar of Elyvilon.
  1588 | D:2      | Reached skill level 5 in Axes
  1705 | D:3      | Noticed Terence
  1711 | D:3      | Killed Terence
  1853 | D:3      | Noticed a sky beast
  1870 | D:3      | Killed a sky beast
  1870 | D:3      | Reached skill level 1 in Shields
  1870 | D:3      | Reached XP level 6. HP: 41/56 MP: 5/5
  2123 | D:3      | Noticed Ijyb
  2129 | D:3      | Paralysed by Ijyb for 6 turns
  2136 | D:3      | Paralysed by Ijyb for 4 turns
  2140 | D:3      | Killed Ijyb
  2486 | D:4      | Noticed Blork the orc
  2491 | D:4      | Killed Blork the orc
  2548 | D:4      | Reached XP level 7. HP: 61/61 MP: 6/6
  2652 | D:4      | Found a bloodstained altar of Trog.
  2667 | D:4      | Found a blossoming altar of Fedhas.
  2698 | D:4      | Reached skill level 5 in Armour
  2710 | D:4      | Noticed Natasha
  2712 | D:4      | Reached **** piety under Trog
  2715 | D:4      | Killed Natasha
  2733 | D:4      | Found Siotodoumn's Gadget Boutique.
  2916 | D:4      | Found a runed door.
  2928 | D:4      | Noticed Crazy Yiuf
  2933 | D:4      | Killed Crazy Yiuf
  2970 | D:4      | Noticed Natasha
  2981 | D:4      | Killed Natasha
  3081 | D:5      | Entered Level 5 of the Dungeon
  3412 | D:5      | Reached skill level 5 in Dodging
  3568 | D:5      | Found Tyilum's Antique Weapon Shoppe.
  4094 | D:6      | Reached XP level 8. HP: 71/71 MP: 7/7
  4190 | D:6      | Found a shimmering altar of Xom.
  4382 | D:6      | Found a sparkling altar of Nemelex Xobeh.
  4575 | D:7      | Found a staircase to the Ecumenical Temple.
  4598 | Temple   | Entered the Ecumenical Temple
  4994 | D:7      | Reached skill level 5 in Shields
  5004 | D:7      | Reached XP level 9. HP: 49/79 MP: 8/8
  5647 | D:8      | Noticed Maurice
  5670 | D:8      | Killed Maurice
  5871 | D:8      | Noticed a two-headed ogre
  5877 | D:8      | Killed a two-headed ogre
  6494 | D:9      | Reached ***** piety under Trog
  6642 | D:9      | Reached XP level 10. HP: 87/90 MP: 9/9
  6681 | D:9      | Found a flagged portal.
  6691 | Bailey   | Entered a bailey
  6696 | Bailey   | Noticed an orc warlord
  6816 | Bailey   | Found a runed gate.
  6816 | Bailey   | Found a runed gate.
  6816 | Bailey   | Found a runed gate.
  6921 | Bailey   | Killed an orc warlord
  7259 | D:9      | Noticed Harold
  7262 | D:9      | Received a gift from Trog
  7533 | D:10     | Entered Level 10 of the Dungeon
  7744 | D:10     | Found a staircase to the Orcish Mines.
  7756 | D:10     | Reached skill level 10 in Fighting
  7778 | D:10     | Reached XP level 11. HP: 99/99 MP: 10/10
  7817 | D:10     | Reached skill level 10 in Axes
  8084 | D:10     | Received a gift from Trog
  8137 | D:10     | Noticed Nergalle
  8148 | D:10     | Killed Nergalle
  8470 | D:10     | Noticed a deep elf mage
  8475 | D:10     | Killed a deep elf mage
  8475 | D:10     | Reached skill level 10 in Armour
  8505 | D:10     | Noticed a deep elf mage
  8533 | D:10     | Killed a deep elf mage
  9040 | D:11     | Noticed Sonja
  9087 | D:11     | Cast into level 1 of the Abyss (Sonja)
  9108 | Abyss:1  | Noticed a purple ugly thing
  9108 | Abyss:1  | Noticed a wretched star
  9109 | Abyss:1  | Noticed a shadow demon
  9109 | Abyss:1  | Noticed a green ugly thing
  9109 | Abyss:1  | Noticed a green ugly thing
  9110 | Abyss:1  | Noticed a shadow demon
  9271 | Abyss:3  | Noticed a rakshasa
  9286 | Abyss:3  | Noticed a dire elephant
  9286 | Abyss:3  | Noticed a dire elephant
  9286 | Abyss:3  | Noticed a dire elephant
  9287 | Abyss:3  | Noticed a dire elephant
  9287 | Abyss:3  | Noticed a hellephant
  9287 | Abyss:3  | Noticed a dire elephant
  9289 | Abyss:3  | Noticed a dire elephant
  9314 | Abyss:3  | Noticed a lich
  9322 | Abyss:3  | Noticed a sun demon
  9328 | Abyss:3  | HP: 4/80 [sun demon (1)]
  9328 | Abyss:3  | Slain by a sun demon

Skill      XL: |  1  2  3  4  5  6  7  8  9 10 11 |
---------------+----------------------------------+-----
Fighting       | 4 5 6 7 8 10 | 10.7
Axes           | 4 5 6 7 8 9 10 | 10.6
Armour         | 3 4 5 6 8 9 10 | 10.3
Dodging        | 3 4 5 6 7 8 9 |  9.5
Shields        | 1 2 3 5 6 8 9 |  9.4

Action                   |  1- 3 |  4- 6 |  7- 9 | 10-12 || total
-------------------------+-------+-------+-------+-------++-------
Melee: Hand axe          |    70 |   128 |       |       ||   198
       Headbutt          |     8 |    26 |    43 |    75 ||   152
       War axe           |       |     9 |   307 |   359 ||   675
Invok: Berserk           |     1 |     3 |     5 |     3 ||    12
  Use: Scroll            |       |     5 |     5 |       ||    10
       Potion            |       |       |     1 |       ||     1
 Stab: Sleeping          |       |     2 |     3 |       ||     5
  Eat: Chunk             |       |     7 |     6 |     8 ||    21
       Ration            |       |     1 |     3 |     1 ||     5
Armor: Ring mail         |    27 |    40 |    34 |       ||   101
       Plate armour      |       |       |    78 |   173 ||   251
Dodge: Dodged            |    46 |    46 |    48 |   107 ||   247
Block: Large shield      |       |    49 |   228 |   234 ||   511
       Other             |       |       |       |     5 ||     5
